[Event "Titled Tuesday Blitz November 15 Early 2022"]
[White "Thorhallsson, Simon"]
[Black "Dehtiarov, Roman"]
[WhiteFideId "2310090"]
[BlackFideId "14186640"]
[WhiteElo "2109"]
[BlackElo "2200"]
[Result "0-1"]
[Round "11"]
[TimeControl "180+1"]
[Date "2022.11.16"]
[WhiteClock "0:00:17"]
[BlackClock "0:01:22"]

1. Nf3 Nf6 2. g3 d5 3. Bg2 e6 4. O-O c6 5. d3 Be7 6. b3 O-O 7. Bb2 Nbd7 8. Nbd2 b6 9. e4 Bb7 10. Qe2 Re8 11. Rae1 c5 12. h3 d4 13. e5 Nd5 14. Ne4 Qc7 15. Nh2 Nxe5 16. f4 Ng6 17. f5 exf5 18. Rxf5 Ne3 19. Rxf7 Bxe4 20. Bxe4 Qxg3+ 21. Kh1 Kxf7 22. Rg1 Qxh3 23. c3 Bd6 24. cxd4 Qxh2+ 25. Qxh2 Bxh2 26. Kxh2 cxd4 27. Bxd4 Nc2 28. Rf1+ Kg8 29. Bd5+ Kh8 30. Bc3 Ne3 31. Rf7 Nxd5 32. Bxg7+ Kg8 33. Rb7 Re7 0-1


[Site "https://www.chess.com"]

[Event "Titled Tuesday Blitz November 15 Early 2022"]
[White "Todorovic, Bojan"]
[Black "Ibadov, Dashgyn"]
[WhiteFideId "917087"]
[BlackFideId "24107514"]
[WhiteElo "2266"]
[BlackElo "2208"]
[Result "0-1"]
[Round "11"]
[TimeControl "180+1"]
[Date "2022.11.16"]
[WhiteClock "0:00:03"]
[BlackClock "0:00:33"]

1. d4 Nf6 2. c4 c5 3. d5 d6 4. Nc3 g6 5. Nf3 Bg7 6. e4 O-O 7. Be2 e6 8. O-O exd5 9. cxd5 Re8 10. Nd2 Nbd7 11. a4 a6 12. Qc2 Rb8 13. Nc4 Ne5 14. Nxe5 Rxe5 15. Bf4 Re8 16. Rfe1 Bg4 17. Bf1 Nh5 18. Be3 Bd7 19. h3 f5 20. exf5 Bxf5 21. Qb3 Be5 22. g4 Bxg4 23. hxg4 Qh4 24. Bg2 Qxg4 25. Qd1 Qh4 26. Qf3 Qh2+ 27. Kf1 Ng3+ 28. fxg3 Rf8 29. Re2 Bxg3 30. Bg1 Qh5 31. Re3 Rxf3+ 32. Bxf3 Qg5 0-1


[Site "https://www.chess.com"]

[Event "Titled Tuesday Blitz November 15 Early 2022"]
[White "Torres Dominguez, David"]
[Black "Manon-og, Ramon Jr."]
[WhiteFideId "2220857"]
[BlackFideId "5200776"]
[WhiteElo "2037"]
[BlackElo "2286"]
[Result "1-0"]
[Round "11"]
[TimeControl "180+1"]
[Date "2022.11.16"]
[WhiteClock "0:00:28"]
[BlackClock "0:00:44"]

1. e4 c5 2. Nf3 d6 3. d4 cxd4 4. Nxd4 Nf6 5. Nc3 a6 6. f4 e5 7. Nf3 Nbd7 8. a4 Be7 9. Bd3 exf4 10. Bxf4 Qb6 11. Rb1 Ng4 12. Qe2 O-O 13. h3 Nge5 14. Nd5 Nxd3+ 15. cxd3 Qd8 16. O-O Nf6 17. Nxe7+ Qxe7 18. Bg5 Qe6 19. Nd4 Qe5 20. Bxf6 gxf6 21. Nf3 Qg3 22. Nd4 Kh8 23. Nf5 Bxf5 24. Rxf5 Rg8 25. Qf3 Qxf3 26. Rxf3 Rg6 27. Rbf1 Kg7 28. Rf5 Rc8 29. R1f2 Rc1+ 30. Rf1 Rc2 31. R5f2 Rc5 32. Rf5 Rc2 33. R1f2 Rc1+ 34. Kh2 Ra1 35. a5 Rd1 36. Rd5 Kf8 37. Rxd6 Ke7 38. Rd5 Ke6 39. Rd4 Rg8 40. Rb4 Rb8 41. Rb6+ Ke5 42. Rf3 Rd2 43. Rbxf6 Rg8 44. Rf2 Rxd3 45. Rxf7 Rb3 46. Rxh7 Kxe4 47. Rh4+ Ke5 48. Rh5+ Ke4 49. Rh6 Rb5 50. Rb6 Rxb6 51. axb6 Rg6 52. g4 Rxb6 53. Kg3 a5 54. g5 a4 55. h4 Ke3 56. Rh2 Rg6 57. Kg4 b5 58. h5 Rg8 59. g6 b4 60. Kg5 a3 61. bxa3 bxa3 62. h6 Rb8 63. Ra2 Rb5+ 64. Kg4 Rb7 65. g7 Rb4+ 66. Kg5 Rb5+ 67. Kg6 Rb6+ 68. Kh7 1-0


[Site "https://www.chess.com"]

[Event "Titled Tuesday Blitz November 15 Early 2022"]
[White "Tregubov, Pavel V."]
[Black "Ronka, Erik"]
[WhiteFideId "4115341"]
[BlackFideId "505080"]
[WhiteElo "2448"]
[BlackElo "2264"]
[Result "1-0"]
[Round "11"]
[TimeControl "180+1"]
[Date "2022.11.16"]
[WhiteClock "0:00:09"]
[BlackClock "0:00:01"]

1. e4 c5 2. Nf3 e6 3. c3 Nf6 4. e5 Nd5 5. d4 cxd4 6. cxd4 d6 7. Bc4 Be7 8. O-O O-O 9. Qe2 Nc6 10. Rd1 Na5 11. Bd3 Nb4 12. Nc3 Nxd3 13. Rxd3 b6 14. b4 Nc6 15. a3 d5 16. Ne1 f6 17. exf6 Bxf6 18. Nf3 Bd7 19. Bf4 Rc8 20. Qd2 a5 21. b5 Ne7 22. Ne5 Be8 23. Re1 Ng6 24. Bg3 Nxe5 25. Bxe5 Bg6 26. Bxf6 Rxf6 27. Rde3 Qd6 28. h3 Rc4 29. Qd1 Bf7 30. Ne2 Qd7 31. Qb3 a4 32. Qb2 Qd6 33. Ng3 g6 34. Nf1 Kg7 35. Nd2 Rc8 36. Nf3 Bg8 37. Ne5 Rf4 38. Nc6 Rf6 39. Re5 Rcf8 40. R1e2 h6 41. Qc1 Bf7 42. g3 Be8 43. Kg2 R8f7 44. Qe3 Bxc6 45. bxc6 Qxc6 46. Rxe6 Rxe6 47. Qxe6 Qc4 48. Qe5+ Kh7 49. Rb2 Qc6 50. Re2 Qc4 51. h4 Qc6 52. h5 gxh5 53. Qxh5 Qf6 54. Qg4 Rg7 55. Qh5 Qxd4 56. Qf5+ Kg8 57. Re8# 1-0


[Site "https://www.chess.com"]

[Event "Titled Tuesday Blitz November 15 Early 2022"]
[White "Tsaruk, Maksim"]
[Black "Willow, Jonah B"]
[WhiteFideId "13511173"]
[BlackFideId "438804"]
[WhiteElo "2300"]
[BlackElo "2300"]
[Result "1-0"]
[Round "11"]
[TimeControl "180+1"]
[Date "2022.11.15"]
[WhiteClock "0:01:58"]
[BlackClock "0:01:22"]

1. e4 c5 2. Nf3 e6 3. d4 cxd4 4. Nxd4 Nc6 5. Nc3 Qc7 6. a3 a6 7. Be3 Nf6 8. f4 d6 9. Qf3 Be7 10. O-O-O O-O 11. Nxc6 bxc6 12. g4 e5 13. f5 d5 14. g5 Nxe4 15. Nxe4 dxe4 16. Qxe4 Rd8 17. Bc4 Kh8 18. Bxf7 Bb7 19. f6 gxf6 20. g6 Bf8 21. Qh4 1-0


[Site "https://www.chess.com"]

[Event "Titled Tuesday Blitz November 15 Early 2022"]
[White "Vasques, Antonio Pedro Freixial"]
[Black "Raahul V S"]
[WhiteFideId "1908332"]
[BlackFideId "25035525"]
[WhiteElo "2243"]
[BlackElo "2233"]
[Result "0-1"]
[Round "11"]
[TimeControl "180+1"]
[Date "2022.11.16"]
[WhiteClock "0:00:36"]
[BlackClock "0:01:34"]

1. e4 e5 2. Nf3 Nc6 3. Bc4 Nf6 4. Ng5 d5 5. exd5 Na5 6. Bb5+ c6 7. dxc6 bxc6 8. Be2 h6 9. Nh3 Bxh3 10. gxh3 Bc5 11. d3 Rb8 12. a3 Bd4 13. c3 Nb3 14. Ra2 Nxc1 15. Qxc1 Qd5 16. O-O Qxa2 17. cxd4 O-O 18. dxe5 Nd5 19. Qxc6 Rxb2 20. Bf3 Nf4 21. Nc3 Qxa3 22. Nd5 Nxh3+ 23. Kg2 Ng5 24. Be4 Re2 25. Nf4 Rxe4 0-1


[Site "https://www.chess.com"]

[Event "Titled Tuesday Blitz November 15 Early 2022"]
[White "Vlassov, Nikolai"]
[Black "Rose, Felix"]
[WhiteFideId "4103360"]
[BlackFideId "5105722"]
[WhiteElo "2324"]
[BlackElo "2039"]
[Result "1-0"]
[Round "11"]
[TimeControl "180+1"]
[Date "2022.11.16"]
[WhiteClock "0:02:20"]
[BlackClock "0:01:52"]

1. e4 e6 2. d4 d5 3. exd5 exd5 4. Nf3 Nf6 5. c4 dxc4 6. Bxc4 Bb4+ 7. Nc3 O-O 8. O-O h6 9. Ne5 Nbd7 10. Nxf7 Rxf7 11. Bxf7+ Kxf7 12. Qb3+ Kf8 13. Qxb4+ Kg8 14. Bf4 Nb6 15. Rfe1 Bf5 16. Rad1 Nbd5 17. Nxd5 Nxd5 18. Qb3 Kh7 19. Bg3 c6 20. Qxb7 1-0


[Site "https://www.chess.com"]

[Event "Titled Tuesday Blitz November 15 Early 2022"]
[White "Volkov, Maksim"]
[Black "Stribuk, Artiom"]
[WhiteFideId "54123070"]
[BlackFideId "13515659"]
[WhiteElo "2659"]
[BlackElo "2814"]
[Result "0-1"]
[Round "11"]
[TimeControl "180+1"]
[Date "2022.11.16"]
[WhiteClock "0:00:18"]
[BlackClock "0:00:14"]

1. d4 Nf6 2. c4 c5 3. d5 b5 4. cxb5 a6 5. bxa6 g6 6. Nc3 Bg7 7. e4 O-O 8. a7 Rxa7 9. Nf3 e6 10. Be2 exd5 11. exd5 d6 12. O-O Na6 13. Nb5 Rd7 14. Bf4 Bb7 15. Bc4 Nb4 16. Nc3 Qa8 17. a4 Nfxd5 18. Nxd5 Nxd5 19. Bg3 Nb4 20. Bb5 Bc6 21. Qe2 Re8 22. Bxc6 Nxc6 23. Qd2 Rb8 24. Rfb1 Rb3 25. a5 Rxf3 26. gxf3 Nd4 27. Qf4 Ne2+ 28. Kg2 Nxf4+ 29. Bxf4 Ra7 30. Bd2 Ra6 31. Ra4 Bf6 32. b4 cxb4 33. Rbxb4 Bd8 34. Rb5 h5 35. Bc3 Kh7 36. Rab4 Bxa5 37. Rb8 Qxb8 38. Rxb8 Bxc3 39. Rf8 Kg7 40. Rd8 Be5 41. Rc8 Ra4 42. Rd8 Rf4 43. h3 Rf5 44. Rd7 Kf6 45. Rb7 Ke6 46. Rb6 Kd5 47. Rb5+ Kc4 48. Rb8 Bd4 0-1


[Site "https://www.chess.com"]

[Event "Titled Tuesday Blitz November 15 Early 2022"]
[White "Wagner, Dennis"]
[Black "Aaditya Dhingra"]
[WhiteFideId "24650684"]
[BlackFideId "25678191"]
[WhiteElo "2727"]
[BlackElo "2596"]
[Result "0-1"]
[Round "11"]
[TimeControl "180+1"]
[Date "2022.11.16"]
[WhiteClock "0:00:06"]
[BlackClock "0:00:17"]

1. e4 e5 2. Nf3 Nc6 3. Bc4 Bc5 4. c3 Nf6 5. d3 d6 6. a4 a6 7. Bg5 h6 8. Bh4 g5 9. Bg3 Ba7 10. Nbd2 O-O 11. O-O Kg7 12. b4 Ne7 13. d4 Nh5 14. dxe5 Nxg3 15. hxg3 dxe5 16. Nxe5 f6 17. Nd3 Ng6 18. Nf3 Qd6 19. Qb3 Qxg3 20. Nd4 Qh4 21. Nc5 Bxc5 22. bxc5 Nf4 23. Be6 Bxe6 24. Nxe6+ Kh8 25. Nxf4 gxf4 26. Qxb7 Rg8 27. e5 Rxg2+ 28. Qxg2 Rg8 29. Qxg8+ Kxg8 30. f3 Qg3+ 31. Kh1 Qh4+ 32. Kg2 fxe5 33. Rae1 Qg5+ 34. Kh1 Kf7 35. Re2 Qf5 36. Rh2 Qd3 37. Kg2 Kg6 38. Rf2 Qxc3 39. Rh1 h5 40. Re2 Qxc5 41. Rhe1 Kf5 42. Rh1 Kg6 43. Rhe1 Kf6 44. Rh1 Qc4 45. Rhe1 Qd5 46. Rh1 Qg8+ 47. Kf2 Qg3+ 48. Kf1 Qxf3+ 49. Kg1 Qxe2 50. a5 f3 51. Rh2 Qxh2+ 52. Kf1 e4 0-1


[Site "https://www.chess.com"]

[Event "Titled Tuesday Blitz November 15 Early 2022"]
[White "Wirig, Anthony"]
[Black "Korchmar, Vasiliy"]
[WhiteFideId "615013"]
[BlackFideId "24131750"]
[WhiteElo "2487"]
[BlackElo "2370"]
[Result "0-1"]
[Round "11"]
[TimeControl "180+1"]
[Date "2022.11.15"]
[WhiteClock "0:00:10"]
[BlackClock "0:00:04"]

1. d4 d5 2. Nf3 Nf6 3. e3 c5 4. b3 cxd4 5. exd4 Nc6 6. Bb2 g6 7. Bd3 Bg7 8. O-O O-O 9. h3 Bf5 10. Bxf5 gxf5 11. a3 e6 12. Re1 Rc8 13. Nbd2 Ne4 14. Nf1 Ne7 15. Ne3 Ng6 16. c4 dxc4 17. bxc4 Nf4 18. Rb1 b6 19. d5 Bxb2 20. Rxb2 Qf6 21. Qd4 Qg6 22. Kh2 Qh5 23. Ng4 fxg4 24. Rxe4 gxf3 25. Rxf4 e5 26. Rg4+ Kh8 27. Qe3 fxg2 28. Rg5 Qh6 29. f4 exf4 30. Qd4+ f6 31. Rbxg2 Rxc4 32. Qxc4 fxg5 33. Qd4+ Kg8 34. Qe5 Qf6 35. Rxg5+ Kh8 36. d6 Qxe5 37. Rxe5 f3 38. d7 f2 39. Re8 f1=Q 40. d8=Q Qf2+ 41. Kh1 Qf3+ 42. Kh2 Qf4+ 43. Kh1 Qc1+ 44. Kh2 Qc2+ 45. Kh1 Qb1+ 46. Kh2 Qb2+ 47. Kh1 Qa1+ 48. Kh2 Qa2+ 49. Kh1 Qb1+ 50. Kh2 Qc2+ 51. Kh1 Qc1+ 52. Kh2 Qf4+ 53. Kh1 Qf3+ 54. Kh2 Rxe8 55. Qxe8+ Kg7 56. Qe5+ Qf6 57. Qc7+ Qf7 58. Qe5+ Kg6 59. Qd6+ Qf6 60. Qg3+ Qg5 61. Qd3+ Qf5 62. Qd6+ Qf6 63. Qg3+ Kf7 64. Qc7+ Qe7 65. Qf4+ Ke6 66. Qe4+ Kd6 67. Qb4+ Kd7 68. Qa4+ Kc8 69. Qc4+ Kb8 70. Qg8+ Kb7 71. Qb3 Qd6+ 72. Kg2 Qg6+ 73. Kf3 Qf5+ 74. Kg2 h5 75. Qe3 Qd5+ 76. Kg3 b5 77. Kh4 a5 78. Qe7+ Kc6 79. Qf6+ Kc5 80. Qc3+ Qc4+ 81. Qxc4+ bxc4 82. Kxh5 c3 0-1


[Site "https://www.chess.com"]

[Event "Titled Tuesday Blitz November 15 Early 2022"]
[White "Yeremyan, Alen"]
[Black "Kopczynski, Michal"]
[WhiteFideId "13308998"]
[BlackFideId "1124200"]
[WhiteElo "2159"]
[BlackElo "2235"]
[Result "0-1"]
[Round "11"]
[TimeControl "180+1"]
[Date "2022.11.16"]
[WhiteClock "0:00:29"]
[BlackClock "0:00:08"]

1. g3 d6 2. Bg2 e5 3. d3 g6 4. c4 Bg7 5. Nc3 f5 6. e4 Nf6 7. Nge2 O-O 8. O-O fxe4 9. dxe4 Nc6 10. b3 Be6 11. h3 Qd7 12. Kh2 Nd4 13. Nxd4 exd4 14. Nd5 c6 15. Nf4 Bf7 16. Nd3 Rae8 17. Re1 h6 18. Bd2 g5 19. e5 dxe5 20. Nxe5 Rxe5 21. Rxe5 Ng4+ 22. Qxg4 Qxg4 23. hxg4 Bxe5 24. f4 Bf6 25. Re1 Re8 26. Rxe8+ Bxe8 27. Be4 Kf7 28. Kg2 Bd7 29. Kf3 b6 30. Bd3 Ke7 31. b4 c5 32. b5 Be6 33. a4 Kd6 34. a5 Bd8 35. a6 Bf6 36. Ba5 Bd8 37. Bd2 Bf6 38. Be1 Bd8 39. f5 Bf7 40. Bd2 Bf6 41. Ke2 Be5 42. Kf3 Bf6 43. Ba5 Bd8 44. Be1 Bf6 45. Bd2 Be7 46. Ke2 Bf6 47. Be1 Be7 48. Kd2 Bf6 49. Be2 Be7 50. Kd3 Bf6 51. Bf3 Be7 52. Bd2 Bf6 53. Bc1 Be5 54. Bd2 Bxg3 55. Ba5 Kc7 56. Bd2 Kd7 57. Bd5 Bxd5 58. cxd5 Kd6 59. Kc4 Bf4 60. f6 Bxd2 61. f7 Ke7 62. d6+ Kxf7 63. Kd5 Ke8 64. Kc6 d3 65. Kb7 Kd7 66. Kxa7 Ba5 67. Kb7 d2 68. a7 d1=Q 69. a8=Q Qf3+ 70. Ka7 Qxa8+ 71. Kxa8 Kxd6 72. Kb7 0-1


[Site "https://www.chess.com"]

[Event "Titled Tuesday Blitz November 15 Early 2022"]
[White "Yu, Yangyi"]
[Black "Samunenkov, Ihor"]
[WhiteFideId "8603820"]
[BlackFideId "14187086"]
[WhiteElo "2808"]
[BlackElo "2441"]
[Result "1/2-1/2"]
[Round "11"]
[TimeControl "180+1"]
[Date "2022.11.15"]
[WhiteClock "0:00:20"]
[BlackClock "0:00:07"]

1. e4 c6 2. d4 d5 3. e5 Bf5 4. Nf3 e6 5. c3 c5 6. Be2 Nc6 7. O-O Bg6 8. a3 cxd4 9. cxd4 Nge7 10. Nh4 Nf5 11. Nxf5 Bxf5 12. Nc3 Be7 13. Be3 O-O 14. Bg4 Bg6 15. f4 Qd7 16. Qf3 f5 17. exf6 Rxf6 18. Rad1 Raf8 19. Qh3 Bf5 20. Bxf5 exf5 21. Qf3 Rd6 22. Rfe1 Bf6 23. Bf2 Qd8 24. g3 g6 25. Kg2 Kg7 26. Nb5 Rd7 27. Re6 Re8 28. Rxe8 Qxe8 29. Nc3 Qe6 30. h3 Qd6 31. g4 Qe6 32. Re1 Qf7 33. Qd3 Bd8 34. Ne2 Re7 35. gxf5 Qxf5 36. Qxf5 gxf5 37. Ng3 Rxe1 38. Bxe1 Kg6 39. Ne2 Bf6 40. Bf2 Kf7 41. Kf3 Ke6 42. Ke3 Be7 43. Kd3 Bf6 44. Be1 Be7 45. Bc3 Bd6 46. Bd2 Be7 47. Ng1 Bf6 48. Nf3 Bg7 49. a4 Bf6 50. b4 a6 51. Be1 b5 52. axb5 axb5 53. Bd2 Be7 54. Ng5+ Kf6 55. Nxh7+ Kg6 56. Ng5 Bxb4 57. Bxb4 Nxb4+ 58. Kc3 Nc6 59. Ne6 Kh5 60. Ng7+ Kg6 61. Ne6 Kh5 62. Nc7 b4+ 63. Kd3 Ne7 64. Na6 Nc6 65. Nc7 Ne7 66. Na6 Nc6 67. Nc7 1/2-1/2


[Site "https://www.chess.com"]

[Event "Titled Tuesday Blitz November 15 Early 2022"]
[White "Yuan, Qingyu"]
[Black "Yaran, Siar"]
[WhiteFideId "8609772"]
[BlackFideId "6323006"]
[WhiteElo "2752"]
[BlackElo "2620"]
[Result "0-1"]
[Round "11"]
[TimeControl "180+1"]
[Date "2022.11.16"]
[WhiteClock "0:00:03"]
[BlackClock "0:00:06"]

1. e4 e5 2. Nf3 Nc6 3. Bc4 Bc5 4. d3 Nf6 5. Bg5 d6 6. c3 h6 7. Bh4 a6 8. Nbd2 Ba7 9. a4 Qe7 10. b4 g5 11. Bg3 Bd7 12. Rb1 Nh5 13. b5 Nd8 14. bxa6 bxa6 15. Nf1 Nf4 16. Ne3 Bxe3 17. fxe3 Nxg2+ 18. Kf2 Nh4 19. Bxh4 gxh4 20. Rg1 Ne6 21. Bd5 Rd8 22. Bxe6 Bxe6 23. c4 Rf8 24. Ke2 f5 25. exf5 Rxf5 26. e4 Rf4 27. Ke3 Qf6 28. Nd2 Kd7 29. Qh5 Rf8 30. Rg6 Qf7 31. Rxh6 Qxh5 32. Rxh5 Rg8 33. Rb7 Rg2 34. Rh7+ Bf7 35. d4 Kc6 36. Rb8 Rff2 37. d5+ Kc5 38. Nb3+ Kxc4 39. Rxf7 Re2+ 40. Kf3 Ref2+ 41. Ke3 Rxf7 42. Na5+ Kc3 43. Rb3+ Kc2 44. Rb4 Rff2 45. Rc4+ Kd1 46. Nb3 Re2+ 47. Kd3 Ke1 48. Rc1+ Kf2 49. Rxc7 Rxh2 50. Rf7+ Kg1 51. Rf6 Rb2 52. Kc3 Rbc2+ 53. Kb4 Rh3 54. Na5 Rb2+ 55. Kc4 Rc2+ 56. Kb4 Re3 57. Rxd6 Rxe4+ 58. Kb3 Rd2 59. Nc4 Rd3+ 60. Kc2 Rdd4 61. Nb6 h3 62. Rg6+ Rg4 63. Rh6 h2 64. d6 h1=Q 65. Rxh1+ Kxh1 66. a5 Rg3 67. d7 Kg2 68. Nd5 Rxd5 69. Kb2 Rxd7 70. Ka2 Re3 0-1


[Site "https://www.chess.com"]

[Event "Titled Tuesday Blitz November 15 Early 2022"]
[White "parintele_chess"]
[Black "Vargas, Mauricio"]
[BlackFideId "4404572"]
[WhiteElo "2212"]
[BlackElo "2025"]
[Result "1-0"]
[Round "11"]
[TimeControl "180+1"]
[Date "2022.11.16"]
[WhiteClock "0:00:12"]
[BlackClock "0:00:04"]

1. d4 d5 2. Bf4 h5 3. e3 e5 4. Bxe5 f6 5. Bd3 Ne7 6. Nf3 fxe5 7. Nxe5 Nbc6 8. Ng6 Rh6 9. Nf4 Bf5 10. Nxh5 Bxd3 11. cxd3 Qd6 12. Nc3 O-O-O 13. Ng3 Re8 14. Qa4 Kb8 15. Rc1 Re6 16. O-O Nc8 17. e4 dxe4 18. d5 Rh6 19. dxc6 Qxc6 20. Nb5 Qb6 21. Nxa7 Nxa7 22. Qxe8+ Nc8 23. Nxe4 Bd6 24. Nxd6 Qxd6 25. h3 1-0